 Dungeon Crawl Stone Soup version 0.20.1-1-g8b1a95d66d (webtiles) character file.

1602 spline1986 the Skirmisher (level 8, 0/73 HPs)
             Began as a Minotaur Berserker on June 29, 2017.
             Was a Priest of Trog.
             Killed from afar by an electric eel (4 damage)
             ... with a bolt of electricity
             ... on level 6 of the Dungeon on Dec 16, 2017.
             The game lasted 00:13:58 (4451 turns).

spline1986 the Skirmisher (Minotaur Berserker)      Turns: 4451, Time: 00:13:59

Health: 0/73       AC:  9    Str: 27    XL:     8   Next: 62%
Magic:  7/7        EV: 13    Int:  6    God:    Trog [***...]
Gold:   97         SH:  0    Dex: 10    Spells: 7/7 levels left

rFire    . . .     SeeInvis .   D - +1 war axe (flame)
rCold    . . .     Gourm    .   (no shield)
rNeg     . . .     Faith    .   u - +0 scale mail
rPois    .         Spirit   .   (helmet restricted)
rElec    .         Reflect  .   (no cloak)
rCorr    .         Harm     .   z - +0 pair of gloves
MR       .....                  (no boots)
Stlth    ..........             (no amulet)
Regen    0.3/turn               k - +5 ring of strength
MPRegen  0.1/turn               (no ring)

@: no status effects
A: retaliatory headbutt, horns 2
a: Berserk, Trog's Hand, Burn Spellbooks, Renounce Religion


You were on level 6 of the Dungeon.
You worshipped Trog.
Trog was most pleased with you.
You were not hungry.

You visited 1 branch of the dungeon, and saw 6 of its levels.

You collected 230 gold pieces.
You spent 133 gold pieces at shops.

Inventory:

Hand Weapons
 a - a +0 hand axe
 d - a +0 broad axe of chopping
 D - a +1 war axe of flaming (weapon)
Armour
 u - a +0 scale mail (worn)
 z - a +0 pair of gloves (worn)
Jewellery
 e - a cursed amulet of inaccuracy
 k - a +5 ring of strength (left hand)
 l - a cursed ring of loudness {unknown}
 m - an uncursed ring of fire {unknown}
 t - an uncursed amulet of rage
 x - an uncursed ring of see invisible {unknown}
Wands
 p - a wand of flame (28/48)
 w - a wand of confusion (39/48)
 B - a wand of random effects (46/48)
Scrolls
 g - 2 scrolls of magic mapping
 h - a scroll of fog
 j - a scroll of amnesia {unknown}
 o - 4 scrolls of remove curse
 y - a scroll of random uselessness {unknown}
 C - a scroll of immolation {unknown}
 G - a scroll of noise {unknown}
 H - a scroll of fear {unknown}
Potions
 b - a potion of berserk rage {unknown}
 n - a potion of mutation {unknown}
 q - a potion of haste {unknown}
 r - a potion of flight {unknown}
 s - a potion of curing {unknown}
 A - a potion of cancellation
 E - a potion of agility {unknown}
Comestibles
 c - 4 bread rations
 f - a royal jelly
 i - 3 meat rations
 v - 4 fruits


   Skills:
 + Level 7.5 Fighting
 + Level 7.3 Axes
 + Level 6.9 Armour
 + Level 6.4 Dodging


You had 7 spell levels left.
You didn't know any spells.

Dungeon Overview and Level Annotations

Branches:
Dungeon (6/15)             Temple (0/1) D:4

Altars:
Nemelex Xobeh

Shops:
D:4 =*((


Innate Abilities, Weirdness & Mutations

You reflexively headbutt those who attack you in melee.
You have a pair of horns on your head.


Message History

The electric eel shoots out a bolt of lightning at you!
The bolt of electricity hits the plant.
The bolt of electricity hits you!
You hit the electric eel. You burn the electric eel.
Your headbutt misses the electric eel.
The electric eel is heavily wounded.
The electric eel shoots out a bolt of lightning at you!
The bolt of electricity hits the plant.
The plant is destroyed!
The bolt of electricity hits you!
* * * LOW HITPOINT WARNING * * *
The electric eel shoots out a bolt of lightning at you!
The bolt of electricity hits you!
* * * LOW HITPOINT WARNING * * *
The electric eel shoots out a bolt of lightning at you!
The bolt of electricity hits you!
* * * LOW HITPOINT WARNING * * *
It was a potion of cancellation.
You feel magically purged.
The electric eel shoots out a bolt of lightning at you!
The bolt of electricity hits you!
You die...

....≈.≈≈≈P≈≈≈≈....
P.≈≈≈≈P≈≈≈≈≈P≈≈..#
≈≈≈≈P≈≈≈≈≈P≈≈.≈.#
≈≈≈≈≈≈≈≈≈P≈≈≈...#
≈≈≈≈;≈≈≈≈≈≈≈...#
≈≈≈≈;≈≈≈P≈...#.#
.≈≈≈≈..;≈≈.....# ##
..≈≈..........###.+
....[..@..........#
.....?............#
..#.....#+#.......#
# #####.#.#.......#
####.#.#.......#
....#.#.....#.#
###..#.#####.# #
.....#.#.# #.#
#......###.#


You could see 3 electric eels.

Vanquished Creatures
  The ghost of Ivernyr the Ogre Mage, a novice OgWz (D:5)
  3 phantoms
  2 ogres
  A howler monkey (D:5)
  2 electric eels (D:6)
  A crimson imp (D:6)
  A quasit (D:5)
  2 centaur skeletons
  2 hounds
  A bullfrog skeleton (D:6)
  Ijyb (D:5)
  An orc wizard (D:3)
  3 worker ants
  A worker ant zombie (D:4)
  A howler monkey skeleton (D:5)
  10 adders
  A shadow imp (D:5)
  An ooze (D:3)
  3 worms
  3 leopard geckos
  10 orcs
  2 ball pythons
  9 bats
  2 giant cockroaches
  A goblin (D:3)
  5 hobgoblins
  12 jackals
  6 kobolds
  A quokka (D:5)
  7 frilled lizards
  4 rats
100 creatures vanquished.

Vanquished Creatures (others)
  A plant (D:6)
1 creature vanquished.

Grand Total: 101 creatures vanquished

Notes
Turn   | Place    | Note
-------+----------+-------------------------------------------
     0 | D:1      | spline1986 the Minotaur Berserker began the quest for the Orb.
     0 | D:1      | Reached XP level 1. HP: 19/19 MP: 0/0
   215 | D:1      | Reached XP level 2. HP: 27/27 MP: 1/1
   712 | D:2      | Reached XP level 3. HP: 33/33 MP: 2/2
   830 | D:2      | Reached ** piety under Trog
   933 | D:2      | Reached XP level 4. HP: 37/40 MP: 3/3
  1259 | D:2      | Upgraded the game from 0.20.0-15-g7f486f2 to 0.20.1-1-g8b1a95d66d
  1690 | D:3      | Reached XP level 5. HP: 42/47 MP: 4/4
  1788 | D:3      | Found a faded altar of an unknown god.
  2487 | D:4      | Found Hueggint's Antique Weapon Boutique.
  2528 | D:4      | Bought a glowing broad axe for 133 gold pieces
  2538 | D:4      | Reached skill level 5 in Fighting
  2545 | D:4      | Reached *** piety under Trog
  2585 | D:4      | Noticed a phantom
  2596 | D:4      | Killed a phantom
  2596 | D:4      | Reached skill level 5 in Axes
  2596 | D:4      | Reached XP level 6. HP: 36/56 MP: 5/5
  2647 | D:4      | Found Vubow's General Store.
  2666 | D:4      | Found a staircase to the Ecumenical Temple.
  2939 | D:4      | Reached XP level 7. HP: 57/61 MP: 6/6
  3002 | D:4      | Reached skill level 5 in Armour
  3042 | D:4      | Found Fodwiugo's Jewellery Emporium.
  3115 | D:4      | Found Kiov's Antique Weapon Shop.
  3144 | D:5      | Entered Level 5 of the Dungeon
  3202 | D:5      | Noticed Ivernyr's ghost (novice OgWz)
  3242 | D:5      | Killed Ivernyr's ghost
  3242 | D:5      | Reached skill level 5 in Dodging
  3242 | D:5      | Reached XP level 8. HP: 9/71 MP: 7/7
  3666 | D:5      | Noticed Ijyb
  3672 | D:5      | Killed Ijyb
  3884 | D:5      | Found a sparkling altar of Nemelex Xobeh.
  4451 | D:6      | Killed from afar by an electric eel

Skill      XL: |  1  2  3  4  5  6  7  8 |
---------------+-------------------------+-----
Fighting       | 4 5 6 7 |  7.5
Axes           | 4 5 6 7 |  7.3
Armour         | 3 4 6 |  6.9
Dodging        | 3 4 5 6 |  6.4

Action                   |  1- 3 |  4- 6 |  7- 9 || total
-------------------------+-------+-------+-------++-------
Melee: Hand axe          |    63 |   110 |       ||   173
       Headbutt          |     4 |    27 |    12 ||    43
       Broad axe         |       |    38 |    61 ||    99
       War axe           |       |       |    36 ||    36
Invok: Berserk           |       |       |     1 ||     1
  Use: Scroll            |       |     6 |     1 ||     7
       Potion            |       |       |     1 ||     1
  Eat: Chunk             |       |     6 |     5 ||    11
       Fruit             |       |       |     2 ||     2
Armor: Animal skin       |     3 |       |       ||     3
       Ring mail         |    20 |    37 |       ||    57
       Scale mail        |       |     7 |    36 ||    43
Dodge: Dodged            |    42 |    98 |    58 ||   198
